 Dungeon Crawl Stone Soup version 0.22-a0-181-gb22368a (webtiles) character file.

246 mhoghedin the Ruffian (level 6, -1/52 (53) HPs)
             Began as a Ghoul Monk on Feb 14, 2018.
             Was a Believer of Okawaru.
             Slain by a leopard gecko (5 damage)
             ... on level 4 of the Dungeon.
             The game lasted 00:05:14 (2759 turns).

mhoghedin the Ruffian (Ghoul Monk)                  Turns: 2759, Time: 00:05:15

HP:   -1/52 (53)    AC:  7    Str: 17    XL:     6   Next: 11%
MP:   3/5           EV: 13    Int:  5    God:    Okawaru [**....]
Gold: 133           SH: 15    Dex: 11    Spells: 5/5 levels left

rFire    + . .     SeeInvis .     - Unarmed
rCold    . . .     Gourm    .   d - +0 large shield
rNeg     + + +     Faith    .   e - +2 animal skin
rPois    ∞         Spirit   .   h - +2 helmet
rElec    .         Reflect  .   (no cloak)
rCorr    .         Harm     .   (no gloves)
MR       .....                  (no boots)
Stlth    +++.......             (no amulet)
HPRegen  0.00/turn              f - ring of fire {rF+, rC-}
MPRegen  0.09/turn              (no ring)

@: heroism, rotting
A: rotting body, claws 1, carnivore, cold resistance 1, negative energy
resistance 3, inhibited regeneration, torment resistance, unbreathing
a: Heroism, Renounce Religion


You were on level 4 of the Dungeon.
You worshipped Okawaru.
Okawaru was pleased with you.
You were not hungry.

You visited 1 branch of the dungeon, and saw 4 of its levels.

You collected 133 gold pieces.

Inventory:

Armour
 d - a +0 large shield (worn)
   (You found it on level 1 of the Dungeon)
 e - a +2 animal skin (worn)
   (You took it off Robin on level 2 of the Dungeon)
 h - a +2 helmet (worn)
   (You found it on level 1 of the Dungeon)
Jewellery
 f - a ring of fire (left claw) {rF+, rC-}
   (You found it on level 1 of the Dungeon)
Scrolls
 c - a scroll of amnesia
 g - a scroll of blinking {!r}
 j - 4 scrolls of identify
Potions
 a - a potion of magic {unknown}
Comestibles
 b - 8 rations


   Skills:
 + Level 4.6(9.6) Fighting
 + Level 3.7(8.7) Dodging
 - Level 2.1(7.1) Stealth
 + Level 2.3(7.3) Shields
 + Level 4.6(9.6) Unarmed Combat


You had 5 spell levels left.
You didn't know any spells.

Dungeon Overview and Level Annotations

Branches:
Dungeon (4/15)
 Temple: D:4-7

Altars:
Ashenzari
Gozag
Nemelex Xobeh
Okawaru
Ru
Sif Muna
Trog
Xom
Yredelemnul
Zin
The Shining One


Innate Abilities, Weirdness & Mutations

Your body is rotting away.
You thrive on raw meat.
You are immune to poison.
You have sharp fingernails.
You are carnivorous and can eat meat at any time.
Your flesh is cold resistant. (rC+)
You are immune to negative energy. (rN+++)
You do not regenerate when monsters are visible.
You are immune to unholy pain and torment.
You can survive without breathing.


Message History

Done exploring.
Done exploring.
(D) Dungeon
Where to? (Enter - D:3, ? - help)
You open the door.
There is an open door here.
You see here a club.
You see here a mace.
You open the door.
There is an open door here.
There is a stone staircase leading down here.
You climb downwards.
A worker ant and an orc wizard come into view.
There is a stone staircase leading up here.
There are monsters nearby!
An orc wizard comes into view. It is wielding a dagger.
Found a scroll of fog.
Found a stone staircase leading down.
The worker ant twitches its antennae in your direction.
An orc comes into view. It is wielding a flail.
An orc wizard comes into view. It is wielding a dagger.
The orc shouts!
The orc wizard shouts!
You hear a shout!
You block the worker ant's attack.
The orc wizard moves out of view.
The worker ant bites you but does no damage.
The orc wizard barely misses you.
You claw the orc wizard! You block the worker ant's attack.
A leopard gecko comes into view.
You claw the orc wizard!
The orc wizard mumbles some strange words.
The orc wizard flickers and vanishes!
Deactivating autopickup; reactivate with Ctrl-A.
The orc wizard mumbles some strange words.
The orc wizard blinks!
The worker ant bites you.
You claw the worker ant! Something hits you. The worker ant bites you.
You completely miss the worker ant. Something hits you but does no damage.
You block the worker ant's attack.
The orc wizard gestures wildly while chanting.
The orc wizard seems to speed up.
You hear some strange, mumbled words.
You scratch the worker ant but do no damage.
You block the worker ant's attack. The worker ant barely misses you.
The orc wizard mumbles some strange words.
The orc wizard seems to speed up.
A giant cockroach comes into view.
You take 10 damage, and have 42/52 hp.
You hear some strange, mumbled words.
A puff of flame appears from out of thin air!
You block the puff of flame.
The orc wizard gestures wildly while chanting.
The orc wizard flickers and vanishes!
There is a stone staircase leading up here.
You gain the combat prowess of a mighty hero.
You block the worker ant's attack. You block the orc's attack.
The orc wizard gestures at you while chanting.
The magic dart hits you!
You now have 3/5 mp.
You scratch the worker ant but do no damage.
The worker ant closely misses you. You block the orc wizard's attack.
The orc barely misses you.
You claw the worker ant!
You kill the worker ant!
Okawaru accepts your kill.
You hear some strange, mumbled words.
A magic dart appears from out of thin air!
The magic dart hits you!
The orc wizard gestures at you while chanting.
The magic dart hits you!
You hear some strange, mumbled words.
A magic dart appears from out of thin air!
The magic dart hits you! The orc hits you but does no damage.
You take 10 damage, and have 32/52 hp.
You barely miss the orc wizard. You block the orc wizard's attack.
The leopard gecko closely misses you.
You hear some strange, mumbled words.
A magic dart appears from out of thin air!
The magic dart hits you! Something hits you but does no damage.
The orc wizard hits you with a dagger.
The leopard gecko bites you but does no damage.
An orc priest comes into view.
You take 9 damage, and have 23/52 hp.
You claw the orc wizard!
Something hits you but does no damage. x2
The orc hits you with a flail!
* * * LOW HITPOINT WARNING * * *
The orc wizard gestures wildly while chanting.
The orc wizard blinks!
The orc priest mumbles some strange prayers to Beogh against you.
Beogh smites you!
* * * LOW HITPOINT WARNING * * *
You block the leopard gecko's attack.
You take 18 damage, and have 5/52 hp.
MASSIVE DAMAGE!!
Something hits you but does no damage.
You hear some strange, mumbled words.
A puff of flame appears from out of thin air!
The puff of flame hits you! You resist.
* * * LOW HITPOINT WARNING * * *
The orc wizard casts a spell.
The orc wizard blinks!
You block the orc's attack. Something hits you but does no damage.
You block the giant cockroach's attack. The leopard gecko bites you.
You die...

.......... ...
.........# ....#
##....§..##!...#
........?.#.#.>#
#.........#?..
#..........
#....o.##.#
#....l@...#
.....o....s.{......
..............#####
...#..........# 8.
###..(......# .
#.#........#
#.######..... ..
....#


You could see an orc priest, an orc, a leopard gecko and a giant cockroach.

Vanquished Creatures
  2 orc wizards (D:3)
  Terence (D:3)
  A worker ant (D:4)
  Robin (D:2)
  3 gnolls
  An adder (D:3)
  3 worms (D:2)
  3 dart slugs
  3 leopard geckos
  An orc (D:3)
  2 ball pythons (D:2)
  4 giant cockroaches
  14 hobgoblins
  8 bats
  3 frilled lizards
  17 goblins
  6 kobolds
  8 rats
81 creatures vanquished.

Notes
Turn   | Place    | Note
-------+----------+-------------------------------------------
     0 | D:1      | mhoghedin the Ghoul Monk began the quest for the Orb.
     0 | D:1      | Reached XP level 1. HP: 19/19 MP: 0/0
   333 | D:1      | Reached XP level 2. HP: 21/26 MP: 1/1
   677 | D:1      | Reached skill level 3 in Dodging
   731 | D:1      | Reached XP level 3. HP: 20/30 MP: 2/2
   998 | D:2      | Reached skill level 1 in Shields
  1221 | D:2      | Reached XP level 4. HP: 19/40 MP: 3/3
  1533 | D:3      | Reached skill level 4 in Fighting
  1533 | D:3      | Reached skill level 4 in Unarmed Combat
  1558 | D:3      | HP: 10/40 [gnoll (5)]
  1567 | D:2      | Reached XP level 5. HP: 11/46 MP: 4/4
  1908 | D:3      | Noticed Terence
  1921 | D:3      | Killed Terence
  1921 | D:3      | Reached skill level 2 in Shields
  1922 | D:3      | Noticed Robin
  2181 | D:2      | Killed Robin
  2326 | D:3      | Found a shattered altar of Ashenzari.
  2327 | D:3      | Found a deep blue altar of Sif Muna.
  2329 | D:3      | Found a sacrificial altar of Ru.
  2333 | D:3      | Found a glowing golden altar of the Shining One.
  2334 | D:3      | Found an iron altar of Okawaru.
  2334 | D:3      | Found a sparkling altar of Nemelex Xobeh.
  2334 | D:3      | Found a basalt altar of Yredelemnul.
  2335 | D:3      | Found a glowing silver altar of Zin.
  2336 | D:3      | Found a shimmering altar of Xom.
  2338 | D:3      | Found an opulent altar of Gozag.
  2339 | D:3      | Found a bloodstained altar of Trog.
  2363 | D:3      | Became a worshipper of Warmaster Okawaru
  2363 | D:3      | Reached * piety under Okawaru
  2363 | D:3      | Reached ** piety under Okawaru
  2695 | D:3      | Reached XP level 6. HP: 51/52 MP: 5/5
  2758 | D:4      | HP: 5/52 [orc priest/divine providence (10)]
  2759 | D:4      | Slain by a leopard gecko

Vault maps used:
D:1:      giann_wishing_wells
D:2:      minmay_pentomino_s4
D:3:      minitemple, first_ration, minmay_box_of_dots, uniq_terence, uniq_robin
D:4:      old_standard_altar, serial_shops, shop_statue, cheibriados_altar_1

Skill      XL: |  1  2  3  4  5 |
---------------+----------------+-----
Dodging        | 3 |  3.7
Shields        | 1 2 |  2.3
Fighting       | 4 |  4.6
Unarmed Combat | 4 |  4.6
Stealth        | |  2.1

Action                   |  1- 3 |  4- 6 || total
-------------------------+-------+-------++-------
Melee: Unarmed           |   154 |   161 ||   315
Invok: Heroism           |       |     1 ||     1
  Use: Scroll            |       |     4 ||     4
       Potion            |       |     3 ||     3
 Stab: Sleeping          |     5 |     4 ||     9
       Distracted        |       |     1 ||     1
  Eat: Chunk             |     4 |     9 ||    13
Armor: Robe              |    43 |    32 ||    75
       Animal skin       |       |    16 ||    16
Dodge: Dodged            |    49 |    69 ||   118
Block: Large shield      |    72 |   137 ||   209

Table legend:
 A = Spawn XP
 B = Non-spawn XP
 C = Spawn XP percentage of total XP
 D = Spawn monster count
 E = Non-spawn monster count
 F = Spawn count percentage of total count
 G = Total turns spent on level
                    A         B        C        D         E        F      G
               +---------+---------+-------+---------+---------+-------+---------
         Total |       0 |     352 |   0.0 |       0 |      81 |   0.0 |  2759
               +---------+---------+-------+---------+---------+-------+---------
           D:1 |       0 |      41 |   0.0 |       0 |      25 |   0.0 |   907
           D:2 |       0 |      92 |   0.0 |       0 |      30 |   0.0 |  1104
           D:3 |       0 |     187 |   0.0 |       0 |      25 |   0.0 |   729
           D:4 |       0 |      32 |   0.0 |       0 |       1 |   0.0 |    19
               +---------+---------+-------+---------+---------+-------+---------

Vault maps used:
D:1:      giann_wishing_wells
D:2:      minmay_pentomino_s4
D:3:      minitemple, first_ration, minmay_box_of_dots, uniq_terence, uniq_robin
D:4:      old_standard_altar, serial_shops, shop_statue, cheibriados_altar_1

Table legend:
 A = Turns spent in this place as a percentage of turns spent in the entire game.
 B = Non-inter-level travel turns spent in this place as a percentage of non-inter-level travel turns spent in the entire game.
 C = Inter-level travel turns spent in this place as a percentage of turns spent in this place.
 D = Turns resting spent in this place as a percentage of non-inter-level travel turns spent in this place.
 E = Turns spent auto-exploring this place as a percentage of non-inter-level travel turns spent in this place.
 F = Non-inter-level travel turns spent in this place divided by the number of levels of this place that you've seen.
                   A       B       C       D       E      F
               +-------+-------+-------+-------+-------+----------------------
         Total | 100.0 | 100.0 |   5.1 |  32.3 |  40.8 | 654.2
       Dungeon | 100.0 | 100.0 |   5.1 |  32.3 |  40.8 | 654.2
               +-------+-------+-------+-------+-------+----------------------

Table legend:
 A = Kills in this place as a percentage of kills in entire the game.
 B = Kills by you in this place as a percentage of kills by you in the entire game.
 C = Kills by friends in this place as a percentage of kills by friends in the entire game.
 D = Other kills in this place as a percentage of other kills in the entire game.
 E = Experience gained in this place as a percentage of experience gained in the entire game.
 F = Experience gained in this place divided by the number of levels of this place that you have seen.
                   A       B       C       D       E      F
               +-------+-------+-------+-------+-------+----------------------
         Total | 100.0 | 100.0 |   N/A |   N/A | 100.0 |  88.0
       Dungeon | 100.0 | 100.0 |   N/A |   N/A | 100.0 |  88.0
               +-------+-------+-------+-------+-------+----------------------
